 Dungeon Crawl Stone Soup version 0.31-a0-1027-gfb7600b (webtiles) character file.

Game seed: 9892109013137358392

644 Partyfoot the Ruffian (level 7, -6/48 HPs)
             Began as a Demonspawn Shapeshifter on Nov 17, 2023.
             Mangled by an orc priest
             ... wielding a +0 flail
              (9 damage)
             ... on level 5 of the Dungeon.
             The game lasted 00:09:56 (3424 turns).

Partyfoot the Ruffian (Demonspawn Shapeshifter)     Turns: 3424, Time: 00:09:57

Health: -6/48      AC:  7    Str: 16    XL:     7   Next: 26%
Magic:  7/7        EV: 11    Int: 10    God:
Gold:   219        SH:  4    Dex: 16    Spells: 6/6 levels left

rFire   . . .        h - +4 dagger (venom)
rCold   . . .        (no shield)
rNeg    . . .        m - +0 ring mail
rPois   .            (helmet unavailable)
rElec   .            (cloak currently unavailable)
rCorr   .            (gloves currently unavailable)
SInv    .            (boots currently unavailable)
Will    .....        (no amulet)
Stlth   +            (no ring)
HPRegen 0.28/turn    (no ring)
MPRegen 0.10/turn

%: no passive effects
@: beast-form
A: beast (slay +1), horns 3, molten scales 1, condensation shield, large bone
plates 1, agile 1
a: Begin Untransformation


You were on level 5 of the Dungeon.
You were a hulking beast.
You visited 1 branch of the dungeon, and saw 5 of its levels.

You collected 219 gold pieces.

Inventory:

Hand Weapons
 h - a +4 dagger of venom (weapon)
 l - a +1 antimagic dagger
Armour
 a - a +0 animal skin
 m - a +0 ring mail (worn)
 p - a scarf of harm
Jewellery
 f - an amulet of guardian spirit
Talismans
 c - a beast talisman
 d - a flux talisman
 k - a dragon-blood talisman
Scrolls
 e - a scroll of amnesia {unknown}
 i - 2 scrolls of blinking {unknown}
 j - 4 scrolls of teleportation {unknown}
 o - a scroll of fear {unknown}
 r - 2 scrolls of noise {unknown}
 t - 3 scrolls of identify {unknown}
 u - a scroll of enchant armour {unknown}
 v - a scroll of summoning {unknown}
Potions
 b - 2 potions of lignification
 g - 2 potions of attraction
 n - a potion of resistance {unknown}
 q - a potion of degeneration {unknown}
 s - a potion of mutation


   Skills:
 - Level 1.0 Fighting
 - Level 1.7 Dodging
 + Level 7.7 Unarmed Combat
 + Level 2.9 Shapeshifting


You had 6 spell levels left.
You didn't know any spells.
Your spell library contained the following spells:

 Spells                   Type           Power      Damage    Failure   Level
 Apportation              Tloc           0%         N/A       58%         1
 Freeze                   Ice            0%         1d3       58%         1
 Kiss of Death            Conj/Necr      0%         2d5       58%         1
 Magic Dart               Conj           0%         1d3       58%         1
 Necrotise                Necr           0%         1d4       58%         1
 Summon Small Mammal      Summ           0%         N/A       58%         1
 Searing Ray              Conj           0%         2d4       73%         2
 Confusing Touch          Hex            0%         N/A       91%         3
 Dazzling Flash           Conj/Hex       0%         N/A       91%         3
 Frozen Ramparts          Ice            0%         1d1       91%         3
 Hailstorm                Conj/Ice       0%         3d3       91%         3
 Dispel Undead            Necr           0%         3d6       100%        4
 Fulminant Prism          Conj/Hex       0%         3d5       100%        4
 Agony                    Necr           0%         N/A       100%        5
 Silence                  Hex/Air        0%         N/A       100%        5


Dungeon Overview and Level Annotations

Branches:
Dungeon (5/15)
 Temple: D:4-7

Altars:
Gozag

Shops:
D:4 :

Annotations:
D:4 1 runed translucent door, plsesad's ghost, amateur MfSh


Innate Abilities, Weirdness & Mutations

You are a hulking beast.
Your limbs bulge with bestial killing power. (Slay +1)
You have a pair of large horns on your head.
You are partially covered in molten scales. (AC +2)
A meltable shield of frost defends you. (SH +0)
You are partially covered in large bone plates. (SH +4)
You are agile. (Dex +4, Str/Int -1)


Message History

The orc priest hits you with a +0 flail!
* * * LOW HITPOINT WARNING * * *
Something hits you but does no damage.
You swing at nothing.
The orc priest hits you but does no damage.
Something hits you but does no damage.
You hit the orc priest but do no damage.
The orc priest hits you but does no damage.
Something hits you but does no damage.
You cannot move. (Use ctrl+direction or * direction to attack while stationary and confused.)
You cannot move. (Use ctrl+direction or * direction to attack while stationary and confused.)
You attack the rock wall.
The orc priest casts a cantrip, but nothing happens.
Something hits you but does no damage.
It was a potion of attraction.
You feel attractive to monsters.
The orc priest hits you but does no damage.
Something hits you but does no damage.
It was a potion of mutation.
You feel extremely strange.
You feel agile.
Large bone plates grow over parts of your arms.
The orc priest hits you with a +0 flail.
* * * LOW HITPOINT WARNING * * *
Something hits you but does no damage.
It was a potion of cancellation.
Your magical effects are unravelling.
You feel magically purged.
You feel less wooden.
Your +0 ring mail unmelds from your body.
You turn into a hulking beast.
You feel less confused.
The orc priest hits you but does no damage.
Something hits you but does no damage.
You feel less attractive to monsters.
You hit the orc priest.
The orc priest is poisoned.
Your headbutt misses the orc priest.
The orc priest is moderately wounded.
Reactivating autopickup.
You feel a bit more experienced.
The orc priest hits you with a +0 flail!
You die...

#.... #.#.#
#.#.####
#.#.#..
#.#.#.# #
#.#.#.###.#
#.#o......###
#))h.........
#####.#######
#.....#
#####.# #.#
#####.###
#.......#
#.##<.#.#
#.#...#.##


You could see an orc priest (very poisoned).

Vanquished Creatures
  2 ogres (D:4)
  A hound (D:4)
  An orc priest (D:4)
  2 sleepcaps (D:4)
  3 orc wizards
  Natasha (thrice) (D:2)
  7 gnolls
  7 adders
  A white imp (D:4)
  2 worms
  4 dart slugs
  5 orcs
  7 endoplasms
  4 giant cockroaches
  8 hobgoblins
  13 kobolds
  5 quokkas
  7 ball pythons
  4 bats
  4 frilled lizards
  11 goblins
  6 rats
107 creatures vanquished.

Notes
Turn   | Place    | Note
-------+----------+-------------------------------------------
     0 | D:1      | Partyfoot the Demonspawn Shapeshifter began the quest for
                  | the Orb.
     0 | D:1      | Reached XP level 1. HP: 15/15 MP: 1/1
    24 | D:1      | You fall into a shaft and drop 1 floor!
    81 | D:2      | Reached skill level 3 in Unarmed Combat
   144 | D:1      | Gained mutation: You have a pair of small horns on your
                  | head. [demonic ancestry]
   144 | D:1      | Reached XP level 2. HP: 17/21 MP: 2/2
   407 | D:1      | Gained mutation: You have a pair of horns on your head.
                  | [demonic ancestry]
   407 | D:1      | Reached XP level 3. HP: 26/26 MP: 3/3
   561 | D:1      | Reached skill level 4 in Unarmed Combat
   954 | D:2      | Found a faded altar of an unknown god.
  1354 | D:2      | Gained mutation: You are partially covered in molten
                  | scales. (AC +2) [demonic ancestry]
  1354 | D:2      | Reached XP level 4. HP: 28/32 MP: 4/4
  1490 | D:2      | Noticed Natasha
  1496 | D:2      | Killed Natasha
  1497 | D:2      | Reached skill level 5 in Unarmed Combat
  1532 | D:2      | Noticed Natasha
  1536 | D:2      | Killed Natasha
  1537 | D:2      | Gained mutation: A meltable shield of frost defends you.
                  | (SH +0) [demonic ancestry]
  1537 | D:2      | Reached XP level 5. HP: 37/37 MP: 5/5
  1584 | D:2      | Noticed Natasha
  1588 | D:2      | Killed Natasha
  2439 | D:4      | Noticed an ogre
  2440 | D:4      | Found Segehaaw's Book Shoppe.
  2448 | D:4      | Killed an ogre
  2449 | D:4      | Reached skill level 6 in Unarmed Combat
  2449 | D:4      | Reached XP level 6. HP: 29/43 MP: 6/6
  2773 | D:4      | Found a runed translucent door.
  2774 | D:4      | Noticed plsesad's ghost (amateur MfSh)
  2899 | D:4      | Found an opulent altar of Gozag.
  2922 | D:4      | Reached skill level 7 in Unarmed Combat
  3131 | D:4      | Gained mutation: You have a pair of large horns on your
                  | head. [demonic ancestry]
  3131 | D:4      | Reached XP level 7. HP: 48/48 MP: 7/7
  3351 | D:5      | Entered Level 5 of the Dungeon
  3422 | D:5      | Gained mutation: You are agile. (Dex +4, Str/Int -1)
                  | [potion of mutation]
  3422 | D:5      | Gained mutation: You are partially covered in large bone
                  | plates. (SH +4) [potion of mutation]
  3424 | D:5      | Mangled by an orc priest

Illustrated notes

Levels and vault maps discovered:
D:1:      lightli_arrival_lavapool, layout_basic, minmay_pentomino_w4
D:2:      layout_basic, shapermc_ecumenical_altar_totnotflames,
          item_on_display_a, uniq_natasha
D:3:      layout_rooms, serial_curves, eino_curves_03, eino_curves_02,
          minmay_misc_feat_chi
D:4:      layout_loops_ring, grunt_gozag_statues, ebering_ghost_sewer_d,
          serial_shops, nicolae_book_shop_shelving
D:5:      layout_loops_corners, grunt_temple_overflow_open

Skill      XL: |  1  2  3  4  5  6 |
---------------+-------------------+-----
Unarmed Combat | 3 4 5 6 7 |  7.7
Fighting       | |  1.0
Dodging        | |  1.7
Shapeshifting  | |  2.9

Action                     |  1- 3 |  4- 6 |  7- 9 || total
---------------------------+-------+-------+-------++-------
  Melee: Unarmed           |    32 |       |       ||    32
         Dagger            |    58 |   135 |    29 ||   222
         Headbutt          |     7 |    27 |     6 ||    40
         Punch             |       |     5 |       ||     5
    Use: Potion            |       |       |     4 ||     4
   Stab: Sleeping          |     1 |       |       ||     1
         Distracted        |     1 |       |       ||     1
 Armour: Animal skin       |    35 |       |       ||    35
         Ring mail         |     9 |    68 |    14 ||    91
         Skin              |       |       |    13 ||    13
  Dodge: Dodged            |    50 |    51 |     7 ||   108
  Block: Other             |       |    16 |     3 ||    19

Table legend: (Time is in decaauts)
 A = Elapsed time spent in this place.
 B = Non-inter-level travel time spent in this place.
 C = Inter-level travel time spent in this place.
 D = Time resting spent in this place.
 E = Time spent auto-exploring this place.
 F = Levels seen in this place.
 G = Mean time per level.
                   A        B        C        D        E       F      G
               +--------+--------+--------+--------+--------+-----+--------+
         Total |   3422 |   3267 |    155 |    285 |   2322 |   5 |  684.4 |
       Dungeon |   3422 |   3267 |    155 |    285 |   2322 |   5 |  684.4 |
               +--------+--------+--------+--------+--------+-----+--------+

Top non-repeatable levels by time:
     D:2: 1079 daAuts
     D:4: 911 daAuts
     D:1: 713 daAuts
     D:3: 645 daAuts
     D:5: 72 daAuts
